XFBL
PITTSBURGH PIRATES @ MONTREAL EXPOS
09/24/1982
 
TOP OF THE 1ST
Pittsburgh Pirates batting - Pitching for Montreal Expos : LHP Michael Steen
Pitching: LHP Michael Steen
Batting: RHB Dan Gladden 0-0: Swinging Strike
0-1: Foul Ball, location: 2F
0-2: Fly out, F7 (Flyball, 78M, EV 88.1 MPH)
Batting: RHB Mike C Brown 0-0: Called Strike
0-1: SINGLE (Groundball, 56S, EV 70.6 MPH) (infield hit)
Batting: RHB Rennie Stennett 0-0: Swinging Strike
0-1: Foul Ball, location: 2F
0-2: Ball
1-2: Ball
2-2: Ball
Mike C Brown is caught stealing 2nd base 2-4
3-2: Ground out 6-3 (Groundball, 6, EV 86.9 MPH)
Top of the 1st over - 0 runs, 1 hit, 0 errors, 0 left on base; Pittsburgh 0 - Montreal 0
BOTTOM OF THE 1ST
Montreal Expos batting - Pitching for Pittsburgh Pirates : RHP Rafael Santana
Pitching: RHP Rafael Santana
Batting: LHB Duane Walker 0-0: Called Strike
0-1: Ball
1-1: Foul Ball, location: 2F
1-2: Ball
2-2: Ball
3-2: Foul Ball, location: 2F
3-2: Base on Balls
Batting: SHB Garry Templeton 0-0: Called Strike
0-1: Ball
1-1: Ball
2-1: SINGLE (Groundball, 34D, EV 108.1 MPH)
Duane Walker to second
Runner from 2nd tries for 3rd, SAFE, throw by RF made to third
Batting: LHB Kirk Gibson 0-0: Ball
1-0: SINGLE (Groundball, 4M, EV 103.8 MPH) (infield hit)
Duane Walker scores
Garry Templeton to second
Batting: RHB Dale Murphy 0-0: Swinging Strike
0-1: Ball
1-1: Ball
2-1: Ball
3-1: Called Strike
3-2: Strikes out looking
Batting: RHB Dave Winfield 0-0: Ball
1-0: Foul Ball, location: 2F
1-1: Ball
2-1: Foul Ball, location: 2F
2-2: Fielders Choice at 2nd, 1-4 (Groundball, P, EV 63.1 MPH)
Garry Templeton to third
Batting: LHB Timnothy Meyer 0-0: Fly out, F9 (Flyball, 9D, EV 90.0 MPH)
Bottom of the 1st over - 1 run, 2 hits, 0 errors, 2 left on base; Pittsburgh 0 - Montreal 1
TOP OF THE 2ND
Pittsburgh Pirates batting - Pitching for Montreal Expos : LHP Michael Steen
Batting: LHB Robert Lopez 0-0: Called Strike
0-1: Ball
1-1: Ball
2-1: Ground out U3 (Groundball, 3L, EV 85.0 MPH)
Batting: LHB Greg Walker 0-0: Ground out 4-3 (Groundball, 4, EV 98.8 MPH)
Batting: SHB John Shelby 0-0: Called Strike
0-1: Ball
1-1: Ball
2-1: Swinging Strike
2-2: Foul Ball, location: 2F
2-2: Strikes out looking
Top of the 2nd over - 0 runs, 0 hits, 0 errors, 0 left on base; Pittsburgh 0 - Montreal 1
BOTTOM OF THE 2ND
Montreal Expos batting - Pitching for Pittsburgh Pirates : RHP Rafael Santana
Batting: LHB Ernesto Quevedo 0-0: Reached on error, E5 (Groundball, 56, EV 92.5 MPH)
Batting: SHB Biff Pocoroba 0-0: Called Strike
0-1: Fielders Choice at 2nd, U6 (Groundball, 4MD, EV 106.3 MPH)
Now at SS: Alex Campos
Batting: RHB Michael Steen 0-0: Sac Bunt to 23 - play at first, batter OUT! 3-4
Biff Pocoroba to second
Batting: LHB Duane Walker 0-0: Swinging Strike
0-1: Swinging Strike
0-2: Strikes out swinging
Bottom of the 2nd over - 0 runs, 0 hits, 1 error, 1 left on base; Pittsburgh 0 - Montreal 1
TOP OF THE 3RD
Pittsburgh Pirates batting - Pitching for Montreal Expos : LHP Michael Steen
Batting: LHB Alex Campos 0-0: Foul Ball, location: 2F
0-1: Ball
1-1: Ball
2-1: Swinging Strike
2-2: DOUBLE (Groundball, 3L, EV 100.6 MPH)
Batting: RHB Rafael Santana 0-0: Fly out, F9 (Line Drive, 9, EV 91.9 MPH)
Batting: RHB Frank Hunsaker 0-0: Ground out 3-1 (Groundball, 34, EV 102.5 MPH)
Alex Campos to third
Batting: RHB Dan Gladden 0-0: Ball
1-0: Fly out, F8 (Flyball, 8RM, EV 88.8 MPH)
Top of the 3rd over - 0 runs, 1 hit, 0 errors, 1 left on base; Pittsburgh 0 - Montreal 1
BOTTOM OF THE 3RD
Montreal Expos batting - Pitching for Pittsburgh Pirates : RHP Rafael Santana
Batting: SHB Garry Templeton 0-0: SINGLE (Line Drive, 5D, EV 105.6 MPH)
Batting: LHB Kirk Gibson 0-0: Ball
1-0: Ball
2-0: Ball
3-0: SINGLE (Flyball, 7LS, EV 96.3 MPH)
Garry Templeton to second
Batting: RHB Dale Murphy 0-0: Called Strike
0-1: Foul Ball, location: 2F
0-2: Fly out, F7 (Flyball, 7D, EV 100.0 MPH)
Runner from 2nd tags up, SAFE at 3rd with throw by LF
Batting: RHB Dave Winfield Pickoff Throw to First - Error! E1
Garry Templeton scores
Kirk Gibson to second
0-0: Ball
1-0: Ball
2-0: SINGLE (Line Drive, 6MD, EV 95.0 MPH)
Kirk Gibson to third
Runner from 3rd tries for Home, throw by CF and OUT! 8-2
Batting: LHB Timnothy Meyer 0-0: Reached on error, E3 (Groundball, 34S, EV 84.4 MPH)
Dave Winfield to third
Batting: LHB Ernesto Quevedo 0-0: Called Strike
0-1: Called Strike
0-2: SINGLE (Line Drive, 78S, EV 90.6 MPH)
Dave Winfield scores
Timnothy Meyer to third
Runner from 3rd tries for Home, SAFE, throw by LF to home
Batting: SHB Biff Pocoroba 0-0: Ball
1-0: 2-RUN HOME RUN (Flyball, 7D, EV 107.5 MPH), Distance : 373 ft
Batting: RHB Michael Steen 0-0: Ball
1-0: Foul Ball, location: 2F
1-1: Swinging Strike
1-2: Strikes out swinging
Bottom of the 3rd over - 5 runs, 5 hits, 2 errors, 0 left on base; Pittsburgh 0 - Montreal 6
TOP OF THE 4TH
Pittsburgh Pirates batting - Pitching for Montreal Expos : LHP Michael Steen
Batting: RHB Mike C Brown 0-0: Ball
1-0: Foul Ball, location: 2F
1-1: SINGLE (Line Drive, 4MD, EV 96.3 MPH)
Batting: RHB Rennie Stennett 0-0: Ball
1-0: Ball
Mike C Brown is caught stealing 2nd base 2-4
2-0: Called Strike
2-1: Foul Ball, location: 2F
2-2: Strikes out looking
Batting: LHB Robert Lopez 0-0: Called Strike
0-1: Ball
1-1: Ball
2-1: SINGLE (Groundball, P, EV 90.0 MPH) (infield hit)
Batting: LHB Greg Walker 0-0: Foul Ball, location: 2F
0-1: Foul Ball, location: 2F
0-2: Strikes out swinging
Top of the 4th over - 0 runs, 2 hits, 0 errors, 1 left on base; Pittsburgh 0 - Montreal 6
BOTTOM OF THE 4TH
Montreal Expos batting - Pitching for Pittsburgh Pirates : RHP Rafael Santana
Batting: LHB Duane Walker 0-0: Ball
1-0: Ball
2-0: Ball
3-0: Base on Balls
Batting: SHB Garry Templeton 0-0: Foul Ball, location: 2F
0-1: Ball
1-1: Foul Ball, location: 2F
1-2: Strikes out swinging
Batting: LHB Kirk Gibson 0-0: Ball
1-0: 2-RUN HOME RUN (Flyball, 9D, EV 94.4 MPH), Distance : 366 ft
Pitching: RHP Jose Vasquez
Batting: RHB Dale Murphy 0-0: Ball
1-0: Called Strike
1-1: Ball
2-1: Foul Ball, location: 2F
2-2: Foul Ball, location: 2F
2-2: Foul Ball, location: 2F
2-2: Ball
3-2: SINGLE (Groundball, 6D, EV 98.8 MPH)
Batting: RHB Dave Winfield 0-0: Called Strike
0-1: Ball
1-1: Foul Ball, location: 2F
1-2: Grounds into double play, 5-4-3 (Groundball, 56, EV 78.1 MPH)
Bottom of the 4th over - 2 runs, 2 hits, 0 errors, 0 left on base; Pittsburgh 0 - Montreal 8
TOP OF THE 5TH
Pittsburgh Pirates batting - Pitching for Montreal Expos : LHP Michael Steen
Batting: SHB John Shelby 0-0: Called Strike
0-1: Ball
1-1: Foul Ball, location: 2F
1-2: Strikes out swinging
Batting: LHB Alex Campos 0-0: Ball
1-0: Foul Ball, location: 2F
1-1: Ball
2-1: Ball
3-1: Fly out, F4 (Popup, 3S, EV 76.9 MPH)
Batting: RHB Jose Vasquez 0-0: Called Strike
0-1: Foul Ball, location: 2F
0-2: SINGLE (Line Drive, 6D, EV 98.8 MPH)
Batting: RHB Frank Hunsaker 0-0: Called Strike
0-1: Called Strike
0-2: Ball
1-2: Foul Ball, location: 2F
1-2: Foul Ball, location: 2F
1-2: Fielders Choice at 2nd, 6-4 (Groundball, 6, EV 82.5 MPH)
Top of the 5th over - 0 runs, 1 hit, 0 errors, 1 left on base; Pittsburgh 0 - Montreal 8
BOTTOM OF THE 5TH
Montreal Expos batting - Pitching for Pittsburgh Pirates : RHP Jose Vasquez
Batting: LHB Timnothy Meyer 0-0: Ball
1-0: Ball
2-0: Called Strike
2-1: Foul Ball, location: 2F
2-2: Ball
3-2: Base on Balls
Batting: LHB Ernesto Quevedo 0-0: Called Strike
0-1: Ball
1-1: Ball
2-1: Foul Ball, location: 2F
2-2: Foul Ball, location: 2F
2-2: Ball
3-2: Base on Balls
Timnothy Meyer to second
Batting: SHB Biff Pocoroba 0-0: Swinging Strike
0-1: Ball
1-1: SINGLE (Groundball, 25, EV 68.1 MPH) (infield hit)
Timnothy Meyer to third
Ernesto Quevedo to second
Batting: RHB Michael Steen 0-0: Ball
1-0: Foul Ball, location: 2F
1-1: Swinging Strike
1-2: Strikes out swinging
Batting: LHB Duane Walker 0-0: Called Strike
0-1: Ball
1-1: Ball
2-1: Called Strike
2-2: Strikes out swinging
Batting: SHB Garry Templeton 0-0: Fly out, F3 (Popup, 3F, EV 70.6 MPH)
Bottom of the 5th over - 0 runs, 1 hit, 0 errors, 3 left on base; Pittsburgh 0 - Montreal 8
TOP OF THE 6TH
Pittsburgh Pirates batting - Pitching for Montreal Expos : LHP Michael Steen
Batting: RHB Dan Gladden 0-0: Ball
1-0: DOUBLE (Line Drive, 9LS, EV 104.4 MPH)
Batting: RHB Mike C Brown 0-0: Called Strike
0-1: Ball
1-1: DOUBLE (Line Drive, 9LD, EV 106.3 MPH)
Dan Gladden scores
Batting: RHB Rennie Stennett 0-0: Ball
1-0: Reached via error on a dropped throw from 3B, E3 (Groundball, 5, EV 85.0 MPH)
Mike C Brown to third
Batting: LHB Robert Lopez 0-0: Called Strike
0-1: Called Strike
0-2: Ball
1-2: Ball
2-2: Strikes out swinging
Batting: LHB Greg Walker 0-0: Grounds into double play, 3-6-3 (Groundball, 3, EV 95.6 MPH)
Top of the 6th over - 1 run, 2 hits, 1 error, 1 left on base; Pittsburgh 1 - Montreal 8
BOTTOM OF THE 6TH
Montreal Expos batting - Pitching for Pittsburgh Pirates : RHP Jose Vasquez
Batting: LHB Kirk Gibson 0-0: Ball
1-0: Ball
2-0: SOLO HOME RUN (Flyball, 89XD, EV 105.0 MPH), Distance : 438 ft
Batting: RHB Dale Murphy 0-0: SINGLE (Line Drive, 78S, EV 95.0 MPH)
Pitching: RHP Scott Lyman
Batting: RHB Dave Winfield 0-0: Foul Ball, location: 2F
0-1: Ball
1-1: Grounds into double play, 6-4-3 (Groundball, 6, EV 82.5 MPH)
Batting: LHB Timnothy Meyer 0-0: Foul Ball, location: 2F
0-1: Ball
1-1: Ball
2-1: Called Strike
2-2: Foul Ball, location: 2F
2-2: SINGLE (Line Drive, 9S, EV 106.9 MPH)
Batting: LHB Ernesto Quevedo 0-0: Ball
1-0: Ball
2-0: Called Strike
2-1: Ball
3-1: SINGLE (Line Drive, 8LS, EV 87.5 MPH)
Timnothy Meyer to second
Batting: SHB Biff Pocoroba 0-0: Ground out 3-1 (Groundball, 34S, EV 79.4 MPH)
Bottom of the 6th over - 1 run, 4 hits, 0 errors, 2 left on base; Pittsburgh 1 - Montreal 9
TOP OF THE 7TH
Pittsburgh Pirates batting - Pitching for Montreal Expos : LHP Michael Steen
Pinch Hitting: LHB Jared Martin 0-0: Called Strike
0-1: Foul Ball, location: 2F
0-2: SINGLE (Line Drive, 78S, EV 96.3 MPH)
Batting: LHB Alex Campos 0-0: Ball
1-0: Ball
2-0: Foul Ball, location: 2F
2-1: Swinging Strike
2-2: Strikes out looking
Batting: RHB Scott Lyman 0-0: Ball
1-0: Bunt - Flyout to 5S! F5
Batting: RHB Frank Hunsaker 0-0: Ball
1-0: Ball
2-0: Swinging Strike
2-1: Ball
3-1: Fly out, F6 (Popup, 6M, EV 65.0 MPH)
Top of the 7th over - 0 runs, 1 hit, 0 errors, 1 left on base; Pittsburgh 1 - Montreal 9
BOTTOM OF THE 7TH
Montreal Expos batting - Pitching for Pittsburgh Pirates : RHP Scott Lyman
Now in RF: Jared Martin
Batting: RHB Michael Steen 0-0: Called Strike
0-1: Foul Ball, location: 2F
0-2: Foul Ball, location: 2F
0-2: Strikes out looking
Batting: LHB Duane Walker 0-0: Ball
1-0: Ball
2-0: Ball
3-0: Called Strike
3-1: Foul Ball, location: 2F
3-2: Strikes out swinging
Batting: SHB Garry Templeton 0-0: DOUBLE (Flyball, 8LXD, EV 95.0 MPH)
Batting: LHB Kirk Gibson 0-0: Called Strike
0-1: Called Strike
0-2: Strikes out swinging
Bottom of the 7th over - 0 runs, 1 hit, 0 errors, 1 left on base; Pittsburgh 1 - Montreal 9
TOP OF THE 8TH
Pittsburgh Pirates batting - Pitching for Montreal Expos : LHP Michael Steen
Batting: RHB Dan Gladden 0-0: Called Strike
0-1: Ground out 5-3 (Groundball, 56, EV 110.6 MPH)
Pinch Hitting: LHB Craig Barnes 0-0: Ball
1-0: Called Strike
1-1: Foul Ball, location: 2F
1-2: Foul Ball, location: 2F
1-2: Strikes out swinging
Batting: RHB Rennie Stennett 0-0: Foul Ball, location: 2F
0-1: Ground out U3 (Groundball, 3, EV 94.4 MPH)
Top of the 8th over - 0 runs, 0 hits, 0 errors, 0 left on base; Pittsburgh 1 - Montreal 9
BOTTOM OF THE 8TH
Montreal Expos batting - Pitching for Pittsburgh Pirates : RHP Scott Lyman
Now in CF: Craig Barnes
Batting: RHB Dale Murphy 0-0: Ball
1-0: Foul Ball, location: 2F
1-1: Ball
2-1: Ball
3-1: Fly out, F6 (Flyball, 56D, EV 78.8 MPH)
Batting: RHB Dave Winfield 0-0: Fly out, F8 (Flyball, 89M, EV 79.4 MPH)
Batting: LHB Timnothy Meyer 0-0: Ball
1-0: Called Strike
1-1: Fly out, F8 (Flyball, 8LD, EV 82.5 MPH)
Bottom of the 8th over - 0 runs, 0 hits, 0 errors, 0 left on base; Pittsburgh 1 - Montreal 9
TOP OF THE 9TH
Pittsburgh Pirates batting - Pitching for Montreal Expos : LHP Michael Steen
Batting: LHB Robert Lopez 0-0: Ball
1-0: Ball
2-0: Ball
3-0: Fly out, F7 (Flyball, 7S, EV 70.0 MPH)
Batting: LHB Greg Walker 0-0: Ball
1-0: Ball
2-0: Foul Ball, location: 2F
2-1: SINGLE (Line Drive, 8LS, EV 88.8 MPH)
Batting: LHB Jared Martin 0-0: Foul Ball, location: 2F
0-1: Ball
1-1: Foul Ball, location: 2F
1-2: Foul Ball, location: 2F
1-2: Ball
2-2: Reached on error, E5 (Groundball, 5, EV 81.9 MPH)
Greg Walker to second
Batting: LHB Alex Campos 0-0: Ball
1-0: Called Strike
1-1: Called Strike
1-2: Strikes out swinging
Pinch Hitting: SHB Chili Davis 0-0: Swinging Strike
0-1: Ball
1-1: Foul Ball, location: 2F
1-2: 3-RUN HOME RUN (Flyball, 7D, EV 100.6 MPH), Distance : 385 ft
Batting: RHB Frank Hunsaker 0-0: Ball
1-0: Ball
2-0: Foul Ball, location: 2F
2-1: Ground out 5-3 (Groundball, 56S, EV 86.9 MPH)
Top of the 9th over - 3 runs, 2 hits, 1 error, 0 left on base; Pittsburgh 4 - Montreal 9
Wednesday, September 2nd, 2020 - OOTP Baseball 21.5 Build 76